 Dungeon Crawl Stone Soup version 0.31-a0-188-g5e087ee2ca (webtiles) character file.

Game seed: 13745535494244522907

147 qw the Skirmisher (level 5, 0/29 HPs)
             Began as a Deep Elf Hunter on June 22, 2023.
             Slain by Pikel
             ... wielding a +1 whip of flaming
              (9 damage)
             ... while paralysed by Pikel
             ... on level 4 of the Dungeon.
             The game lasted 00:01:03 (2224 turns).

qw the Skirmisher (Deep Elf Hunter)                 Turns: 2224, Time: 00:01:04

Health: 0/29       AC:  5    Str: 10    XL:     5   Next: 7%
Magic:  7/7        EV:  2    Int: 14    God:
Gold:   162        SH:  0    Dex: 18    Spells: 4/4 levels left

rFire   + . .        Y - +0 shortbow
rCold   . . .        (shield currently unavailable)
rNeg    . . .        f - +2 leather armour {rF+}
rPois   .            (no helmet)
rElec   .            (no cloak)
rCorr   .            (no gloves)
SInv    .            (no boots)
Will    .....        h - amulet of reflection
Stlth   ++           (no ring)
HPRegen 0.24/turn    (no ring)
MPRegen 0.10/turn

%: reflection
@: paralysed
A: no striking features
a: no special abilities


You were on level 4 of the Dungeon.
You visited 1 branch of the dungeon, and saw 4 of its levels.

You collected 162 gold pieces.


   Skills:
 - Level 1.5 Fighting
 + Level 8.5 Ranged Weapons
 - Level 2.4 Dodging
 - Level 1.2 Stealth


You had 4 spell levels left.
You didn't know any spells.
Your spell library was empty.

Inventory:

Hand Weapons
 Y - a +0 shortbow (weapon)
Armour
 f - a +2 leather armour of fire resistance (worn)
 i - a +0 ring mail
Jewellery
 h - an amulet of reflection (around neck)
Scrolls
 k - a scroll of identify
Potions
 a - a potion of heal wounds
 c - a potion of magic {unknown}
 d - 2 potions of curing
 e - a potion of lignification {unknown}
 g - a potion of haste {unknown}
 l - a potion of enlightenment {unknown}

Dungeon Overview and Level Annotations

Branches:
Dungeon (4/15)
 Temple: D:4-7

Altars:
Kikubaaqudgha
Trog

Annotations:
D:4 1 transporter, Grinder, Pikel


Message History

What level of the Dungeon? (default 1, ? - help)
You climb downwards.
Level annotation: 1 transporter, Grinder
There is a stone staircase leading up here.
Found a flail.
Pikel, Merchant of Souls comes into view.
He is wielding a +1 whip of flaming, wearing a +1 robe of the Archmagi and carrying a wand of paralysis (8).
You shoot an arrow.
The arrow hits Pikel but does no damage.
You shoot an arrow.
The arrow hits Pikel but does no damage.
You hear a shout!
A lemure comes into view.
You shoot an arrow. The arrow barely misses Pikel.
You shoot an arrow.
The arrow hits Pikel but does no damage.
You shoot an arrow. The arrow closely misses Pikel.
The arrow barely misses the lemure.
You shoot an arrow.
The arrow hits Pikel but does no damage.
You shoot an arrow.
The arrow hits Pikel but does no damage.
Pikel hits you with a +1 whip of flaming!
Pikel burns you.
You shoot an arrow. The arrow closely misses Pikel.
A lemure comes into view.
Pikel zaps a wand.
You resist with some effort.
You shoot an arrow.
The arrow hits Pikel but does no damage.
Pikel zaps a wand.
You resist with some effort.
You shoot an arrow.
The arrow hits the lemure but does no damage.
The lemure hits you but does no damage.
A lemure comes into view.
Pikel zaps a wand.
You suddenly lose the ability to move!
The lemure hits you but does no damage.
Pikel hits you with a +1 whip of flaming.
Pikel burns you. The lemure hits you.
Pikel hits you with a +1 whip of flaming!
You die...

.##......... .
....$...... ..
........... ...
.......... #...
#......... ##...
.........
^#....##........
.#.....<@5......
.#.....##K.%....
.#..#.# 5......
.#.... ....... .
... .5.....
.#... #.....#
##.. ...... #...
.)5...


You could see Pikel, Grinder and 3 lemures.

Vanquished Creatures
  A lemure (D:3)
  Terence (D:2)
  3 adders
  3 worms (D:3)
  2 dart slugs
  6 orcs
  7 endoplasms
  3 giant cockroaches
  4 goblins
  5 hobgoblins
  5 jackals
  6 kobolds
  4 quokkas
  7 ball pythons
  6 bats
  6 frilled lizards
  6 rats
75 creatures vanquished.

Notes
Turn   | Place    | Note
-------+----------+-------------------------------------------
     0 | D:1      | qw the Deep Elf Hunter began the quest for the Orb.
     0 | D:1      | Reached XP level 1. HP: 12/12 MP: 3/3
     0 | D:1      | 0 ||| qw: Version: 0.3-a-9-g12657ce
     0 | D:1      | 0 ||| qw: Game counter: 2810
     0 | D:1      | 0 ||| qw: Always use a shield: true
     0 | D:1      | 0 ||| qw: God list: Okawaru
     0 | D:1      | 0 ||| qw: Allow faded altars: false
     0 | D:1      | 0 ||| qw: Do Orc after D:15 true
     0 | D:1      | 0 ||| qw: Do second Lair branch before Depths: true
     0 | D:1      | 0 ||| qw: Lair rune preference: random
     0 | D:1      | 0 ||| qw: Plans: Normal
     0 | D:1      | 0 ||| PLANNING D:1-11
   130 | D:1      | Reached XP level 2. HP: 16/16 MP: 4/4
   139 | D:1      | Reached skill level 6 in Ranged Weapons
   609 | D:1      | 609 ||| UPGRADING to +0 ring mail.
   619 | D:1      | 619 ||| DROPPING +0 leather armour.
   620 | D:1      | 620 ||| READING scroll labelled ZUODDI OSONAL.
   621 | D:1      | 621 ||| READING scroll labelled OGOMOXETOST.
   622 | D:1      | 622 ||| READING 2 scrolls labelled ZIMEOGREUD.
   623 | D:1      | 623 ||| READING scroll labelled UCOZ LYOTOURPH.
   624 | D:1      | 624 ||| DRINKING 2 coppery potions.
   625 | D:1      | 625 ||| DROPPING scroll of butterflies.
   626 | D:1      | 626 ||| DROPPING scroll of revelation.
   718 | D:2      | Noticed Terence
   721 | D:2      | Reached XP level 3. HP: 20/20 MP: 5/5
   728 | D:2      | HP: 3/20 [Terence/+0 flail (4)]
   729 | D:2      | Killed Terence
   730 | D:2      | Reached skill level 7 in Ranged Weapons
   901 | D:2      | Found a bloodstained altar of Trog.
   913 | D:2      | Reached XP level 4. HP: 22/25 MP: 6/6
   918 | D:2      | 918 ||| FLEEEEING.
   919 | D:2      | 919 ||| FLEEEEING.
   921 | D:2      | 921 ||| FLEEEEING.
   985 | D:2      | 985 ||| FLEEEEING.
  1159 | D:2      | Reached skill level 8 in Ranged Weapons
  1346 | D:2      | 1346 ||| UPGRADING to +2 leather armour of fire resistance.
  1356 | D:2      | 1356 ||| DROPPING amulet of magic regeneration.
  1357 | D:2      | 1357 ||| UPGRADING to amulet of reflection.
  1362 | D:2      | 1362 ||| READING scroll labelled DAH IRRILEGE.
  1367 | D:2      | 1367 ||| READING scroll labelled XAETAL YNWADGH.
  1368 | D:2      | 1368 ||| DRINKING 4 golden potions.
  1369 | D:2      | 1369 ||| DROPPING 3 potions of brilliance.
  1853 | D:3      | Reached XP level 5. HP: 29/29 MP: 7/7
  2025 | D:3      | Found an ancient bone altar of Kikubaaqudgha.
  2132 | D:3      | 2132 ||| DROPPING amulet of guardian spirit.
  2133 | D:3      | 2133 ||| READING scroll labelled DEAPSY CUAK.
  2134 | D:3      | 2134 ||| READING scroll labelled PAYMUEC JIL.
  2135 | D:3      | 2135 ||| READING 2 scrolls of identify.
  2135 | D:3      | 2135 ||| IDENTIFYING sapphire potion
  2154 | D:4      | Noticed a lemure
  2154 | D:4      | Found a transporter.
  2156 | D:4      | Noticed Grinder
  2164 | D:4      | 2164 ||| STAIRDANCE
  2179 | D:3      | Killed a lemure
  2212 | D:4      | Noticed Pikel
  2214 | D:4      | Noticed a lemure
  2220 | D:4      | Noticed a lemure
  2222 | D:4      | Noticed a lemure
  2222 | D:4      | Paralysed by Pikel for 3 turns
  2224 | D:4      | Slain by Pikel

Levels and vault maps discovered:
D:1:      erik_arrival_blinker_ship, layout_basic
D:2:      layout_loops_ring, basic_altar, uniq_terence
D:3:      layout_loops_ring, overflow_temple_1_default, minmay_misc_feat_chi
D:4:      layout_cave_pools, zin_statuary,
          nicolae_uskayaw_murder_on_the_dancefloor, gammafunk_ghost_arena,
          kennysheep_generic_room_7, uniq_natasha, uniq_duvessa,
          uniq_crazy_yiuf_cottage, uniq_robin, uniq_pikel, uniq_grinder

Skill      XL: |  1  2  3  4 |
---------------+-------------+-----
Ranged Weapons | 6 7 8 |  8.5
Fighting       | |  1.5
Dodging        | |  2.4
Stealth        | |  1.2

Action                     |  1- 3 |  4- 6 || total
---------------------------+-------+-------++-------
   Fire: Shortbow          |    92 |   138 ||   230
    Use: Scroll            |     4 |     5 ||     9
         Potion            |     1 |     1 ||     2
 Armour: Leather armour    |     4 |     8 ||    12
         Ring mail         |     2 |    10 ||    12
  Dodge: Dodged            |    17 |    40 ||    57
  Block: Other             |       |     7 ||     7

Table legend:
 A = Non-vault XP
 B = Vault XP
 C = Vault XP percentage of total XP
 D = Non-vault monster count
 E = Vault monster count
 F = Vault count percentage of total count
                 A         B        C        D         E       F
            +---------+---------+-------+---------+---------+-------
      Total |     172 |      38 |  18.1 |      73 |       1 |   1.4
            +---------+---------+-------+---------+---------+-------
        D:1 |      35 |       0 |   0.0 |      23 |       0 |   0.0
        D:2 |      79 |      38 |  32.5 |      30 |       1 |   3.2
        D:3 |      57 |       0 |   0.0 |      19 |       0 |   0.0
        D:4 |       1 |       0 |   0.0 |       1 |       0 |   0.0
            +---------+---------+-------+---------+---------+-------
